 Dungeon Crawl Stone Soup version 0.28-a0-653-g7e9dba17c3 (webtiles) character file.

Game seed: 8111494000190671015

103289 avis the Warrior (level 16, -15/187 HPs)
             Began as an Ogre Warper on Oct 11, 2021.
             Was an Initiate of Gozag.
             Killed from afar by a merfolk aquamancer (33 damage)
             ... with a ball of steam
             ... on level 1 of the Shoals on Oct 12, 2021.
             The game lasted 03:40:39 (36551 turns).

avis the Warrior (Ogre Warper)                     Turns: 36551, Time: 03:40:39

Health: -15/187    AC:  9    Str: 20    XL:     16   Next: 35%
Magic:  9/39       EV: 11    Int: 18    God:    Gozag
Gold:   3248       SH:  0    Dex: 11    Spells: 19/35 levels left

rFire   . . .      SeeInvis +   a - +9 morningstar of Shame {elec, Drain MP+9 Dex+3}
rCold   . . .      Faith    .   (no shield)
rNeg    . . .      Spirit   .   z - +2 robe {Will+}
rPois   .          Reflect  .   O - +0 hat {SInv}
rElec   .          Harm     .   h - scarf {shadows}
rCorr   .          Rampage  .   (gloves unavailable)
Will    ++...                   (boots unavailable)
Stlth   +.........              v - amulet of regeneration
HPRegen 1.41/turn               y - +4 ring of slaying
MPRegen 0.26/turn               N - +4 ring of protection

@: gold aura
A: large, unfitting armour, tough skin 1
a: Renounce Religion, Potion Petition, Call Merchant, Bribe Branch


You were on level 1 of the Shoals.
You worshipped Gozag.
Gozag was most pleased with you.
You visited 5 branches of the dungeon, and saw 19 of its levels.
You also visited: Ossuary and Gauntlet.

You collected 6296 gold pieces.
You spent 2255 gold pieces at shops.
You paid 793 gold pieces to Gozag.

Inventory:

Hand Weapons
 a - the +9 morningstar of Shame (weapon) {elec, Drain MP+9 Dex+3}
   (You bought it in a shop on level 1 of the Lair of Beasts)

   It occasionally discharges a powerful burst of electricity upon striking a
   foe.
   Dex:       It affects your dexterity (+3).
   MP:        It affects your magic capacity (+9).
   Drain:     It drains your maximum health when unequipped.
 u - a +2 spear of venom
Missiles
 d - 38 sling bullets
 r - 12 javelins (quivered)
 w - 4 large rocks
 F - 55 stones
 M - 4 throwing nets
Armour
 h - a scarf of shadows (worn)
 z - a +2 robe of willpower (worn)
 O - a +0 hat of see invisible (worn)
Jewellery
 g - a ring of protection from fire
 q - an amulet of reflection
 v - an amulet of regeneration (around neck)
 y - a +4 ring of slaying (left hand)
 N - a +4 ring of protection (right hand)
 R - a ring of poison resistance
Wands
 s - a wand of digging (7)
 B - a wand of charming (7)
 C - a wand of paralysis (14)
 D - a wand of polymorph (5)
 I - a wand of iceblast (20)
Scrolls
 e - 7 scrolls of teleportation
 j - 2 scrolls of holy word
 l - 3 scrolls of fog
 m - 3 scrolls of magic mapping
 t - 4 scrolls of fear
Potions
 b - a potion of lignification
 f - a potion of might {unknown}
 i - 3 potions of haste
 k - 2 potions of magic
 n - a potion of cancellation {unknown}
 p - a potion of degeneration {unknown}
 A - 2 potions of flight
 E - 5 potions of curing
 G - 2 potions of resistance
 H - 2 potions of brilliance
 J - a potion of heal wounds
 K - 13 potions of ambrosia
 U - 2 potions of berserk rage
Miscellaneous
 o - a lightning rod (4/4)
 x - a condenser vane (inert)


   Skills:
 * Level 18.3 Fighting
 - Level 16.0 Maces & Flails
 - Level 2.0 Throwing
 - Level 5.0 Armour
 - Level 5.0 Dodging
 - Level 10.0 Spellcasting
 - Level 10.0 Translocations
 - Level 4.0 Ice Magic


You had 19 spell levels left.
You knew the following spells:

 Your Spells              Type           Power      Damage    Failure   Level
b - Blink                 Tloc           N/A        N/A       1%          2
g - Gell's Gravitas       Tloc           22%        N/A       1%          3
o - Ozocubu's Armour      Ice            23%        N/A       4%          3
t - Teleport Other        Tloc           45%        N/A       1%          3
M - Manifold Assault      Tloc           45%        N/A       3%          5

Your spell library contained the following spells:

 Spells                   Type           Power      Damage    Failure   Level
 Freeze                   Ice            92%        1d10      1%          1
 Lesser Beckoning         Tloc           45%        N/A       1%          3
 Frozen Ramparts          Ice            46%        1d6       4%          3
 Foxfire                  Conj/Fire      36%        2x1d5     8%          1
 Shock                    Conj/Air       36%        1d5       8%          1
 Static Discharge         Conj/Air       9%         N/A       12%         2
 Conjure Flame            Conj/Fire      9%         6-21      24%         3
 Inner Flame              Hex/Fire       9%         N/A       24%         3
 Summon Guardian Golem    Hex/Summ       9%         N/A       24%         3
 Swiftness                Air            9%         N/A       24%         3
 Hailstorm                Conj/Ice       16%        3d6       34%         4
 Summon Ice Beast         Ice/Summ       16%        N/A       34%         4
 Airstrike                Air            4%         N/A       61%         4
 Cause Fear               Hex            4%         N/A       61%         4
 Dispel Undead            Necr           9%         3d8       61%         4
 Flame Wave               Conj/Fire      9%         3d4       61%         4
 Petrify                  Tmut/Erth      9%         N/A       61%         4
 Sticky Flame             Conj/Fire      9%         2d3       61%         4
 Summon Lightning Spire   Summ/Air       9%         N/A       61%         4
 Borgnjor's Vile Clutch   Necr/Erth      4%         N/A       91%         5
 Starburst                Conj/Fire      4%         6d4       100%        6
 Dragon Form              Tmut           4%         N/A       100%        7
 Orb of Destruction       Conj           4%         9d2       100%        7
 Ozocubu's Refrigeration  Ice            11%        4d7       100%        7
 Spellforged Servitor     Conj/Summ      4%         N/A       100%        7
 Storm Form               Tmut/Air       4%         N/A       100%        7
 Infestation              Necr           4%         N/A       100%        8
 Maxwell's Capacitive Co  Air            4%         ∞         100%        8
 Dragon's Call            Summ           4%         N/A       100%        9


Dungeon Overview and Level Annotations

Branches:
Dungeon (10/15)            Temple (1/1) D:7            Lair (6/6) D:8
 Shoals (1/4) Lair:4       Spider (1/4) Lair:4        Slime (0/5) Lair:6
Ossuary (visited)         Gauntlet (visited)
    Orc: D:9-12

Altars:
Ashenzari
Cheibriados
Dithmenos
Elyvilon
Gozag
Hepliaklqana
Kikubaaqudgha
Makhleb
Nemelex Xobeh
Okawaru
Qazlal
Ru
Sif Muna
Trog
Uskayaw
Vehumet
Wu Jian
Xom
Yredelemnul
Zin
The Shining One
Jiyva
Lugonu

Shops:
D:3 *   D:5 (   D:10 :=![   Lair:1 *

Portals:
Abyss: Lair:6
Trove: D:10 (give +7 demon blade)


Innate Abilities, Weirdness & Mutations

You are too large for most types of armour.
You have tough skin. (AC +1)


Message History

As you read the scroll of blinking, it crumbles to dust.
The merfolk hits you but does no damage.
You sock the merfolk!
The merfolk is moderately wounded.
The merfolk hits you with a +0 trident.
* * * LOW HITPOINT WARNING * * *
You sock the merfolk!
The merfolk is heavily wounded.
The merfolk hits you with a +0 trident.
* * * LOW HITPOINT WARNING * * *
You hit the merfolk.
The merfolk is heavily wounded.
You feel much better. The merfolk closely misses you.
You bludgeon the merfolk!!
The merfolk is almost dead.
The merfolk closely misses you.
The merfolk javelineer throws a javelin.
The javelin pierces through you!
* * * LOW HITPOINT WARNING * * *
You bludgeon the merfolk!!
You kill the merfolk!
The merfolk aquamancer is distracted by your dazzling golden aura.
The merfolk aquamancer is no longer distracted by gold.
The merfolk aquamancer points at you and mumbles some strange words.
The torrent of water hits you!!
* * * LOW HITPOINT WARNING * * *
The wave splashes down.
You hear a screech!
You hear a shout!
There is a staircase back to the Lair here.
Things that are here:
7 gold pieces; a +0 trident You feel much better.
The merfolk aquamancer gestures at you while chanting.
The shard of ice hits you!
* * * LOW HITPOINT WARNING * * *
The merfolk impaler closely misses you.
The merfolk aquamancer gestures at you while chanting.
The ball of steam hits you!!
You die...
Your body crumbles into a pile of gold.

≈≈≈≈≈..# #..)...≈≈≈≈≈
≈≈≈≈≈≈≈.# ##.≈≈.≈≈≈m#.
≈≈≈≈≈≈≈.# ##..≈.≈≈.§##
≈≈≈≈≈≈≈.####).....mm.§.
≈≈≈≈≈≈≈....)m≈≈≈≈......
≈≈≈≈≈≈≈≈.≈≈≈≈≈≈≈≈≈≈....
≈≈≈≈≈≈≈≈≈≈≈≈≈≈≈≈.......
≈≈≈≈≈≈≈≈§m≈..≈§≈.....≈≈
≈≈≈≈≈.@§mm≈..≈≈≈....≈≈≈
≈≈≈≈≈≈≈≈≈≈≈≈≈≈≈≈≈...≈≈≈
≈≈≈≈≈≈≈≈≈≈≈≈≈≈≈≈≈≈≈..
≈≈≈≈≈≈≈≈≈≈≈≈≈≈≈≈≈≈≈≈≈
≈≈≈≈≈≈≈≈≈≈≈≈≈≈≈≈≈≈≈≈≈
≈≈≈≈≈≈≈≈≈≈≈≈≈≈≈≈≈≈≈≈≈
≈≈≈≈≈≈≈≈≈≈≈≈≈≈≈


You could see a merfolk impaler, a merfolk javelineer, a merfolk aquamancer and
a merfolk siren.

Vanquished Creatures
  Gastronok (D:7)
  A minotaur (Gauntlet)
  2 boulder beetles
  Harold (Lair:1)
  A great orb of eyes (Gauntlet)
  Fannar (D:10)
  9 hydras
  A catoblepas (Lair:2)
  A merfolk aquamancer (Shoals:1)
  A two-headed ogre (D:10)
  4 death yaks
  3 thrashing horrors (Lair:6)
  The ghost of swinepaste the Spear-Bearer, a novice DsAK of Lugonu (D:9)
  Urug (Lair:5)
  Nergalle (Lair:2)
  2 sea snakes (Shoals:1)
  A lindwurm (Lair:5)
  Pikel (D:5)
  3 ugly things
  6 orb spiders (Spider:1)
  2 manticores
  2 wolf spiders (Spider:1)
  5 fauns (Shoals:1)
  Maurice (D:7)
  A torpor snail (Lair:3)
  4 black mambas
  11 cane toads
  2 smoke demons (Lair:6)
  2 kobold demonologists (D:7)
  A rime drake (Lair:2)
  5 komodo dragons
  A guardian mummy (D:10)
  A queen bee (Lair:3)
  4 merfolk (Shoals:1)
  3 ancient zymes (Lair:6)
  A wind drake (Lair:4)
  A troll (D:10)
  4 polar bears
  9 jumping spiders
  2 hornets
  6 slime creatures
  A raiju (Gauntlet)
  37 blink frogs
  5 dream sheep (Lair:6)
  3 tarantellas (Spider:1)
  A shadow (D:10)
  A ynoxinul (Lair:6)
  6 redbacks
  60 yaks
  Eustachio (D:3)
  7 wyverns
  Grum (D:8)
  8 basilisks
  3 chaos spawn (Lair:6)
  4 steam dragons
  An acid dragon (D:10)
  3 large abominations (Lair:6)
  12 water moccasins
  2 orc warriors
  A sky beast (D:6)
  5 black bears
  7 necrophages
  4 ogres
  17 wolves
  A lemure (D:4)
  7 centaurs
  2 elf zombies (Ossuary)
  A kobold brigand (D:9)
  6 bullfrogs
  2 wyvern zombies
  2 gnoll sergeants
  6 scorpions
  25 killer bees (Lair:3)
  A howler monkey (D:6)
  7 wights
  6 electric eels
  4 crimson imps (D:5)
  7 centaur zombies
  2 centaur skeletons
  3 jellies
  A bullfrog skeleton (D:7)
  2 hounds
  A human zombie (Ossuary)
  8 orc priests
  2 iguanas
  12 orc wizards
  A lightning spire (Gauntlet)
  A killer bee zombie (D:8)
  8 small abominations (Lair:6)
  2 mummies (Ossuary)
  5 howler monkey zombies (D:8)
  8 adders
  12 gnolls
  2 howler monkey skeletons
  3 shadow imps (D:7)
  4 white imps
  3 adder zombies (Ossuary)
  An adder skeleton (D:4)
  A worm (D:2)
  3 dart slugs
  20 orcs
  7 ball pythons
  8 endoplasms
  4 giant cockroaches
  5 hobgoblins
  9 jackals
  8 kobolds
  A quokka (D:1)
  2 bats (D:2)
  5 frilled lizards
  5 goblins
  2 goblin zombies (Ossuary)
  9 hobgoblin zombies (Ossuary)
  A jackal zombie (Ossuary)
  8 kobold zombies (Ossuary)
  10 orc zombies (Ossuary)
  8 rats
574 creatures vanquished.

Vanquished Creatures (collateral kills)
  2 gnolls (D:6)
2 creatures vanquished.

Vanquished Creatures (others)
  17 fungi
  37 plants
  2 withered plants (D:3)
56 creatures vanquished.

Grand Total: 632 creatures vanquished

Notes
Turn   | Place    | Note
-------+----------+-------------------------------------------
     0 | D:1      | avis the Ogre Warper began the quest for the Orb.
     0 | D:1      | Reached XP level 1. HP: 22/22 MP: 3/3
   215 | D:1      | Reached skill level 3 in Fighting
   593 | D:1      | Reached XP level 2. HP: 31/31 MP: 5/5
   596 | D:1      | Learned a level 2 spell: Blink
   690 | D:1      | Reached skill level 4 in Fighting
   920 | D:1      | Reached XP level 3. HP: 15/40 MP: 6/6
  1668 | D:1      | Found a faded altar of an unknown god.
  2431 | D:2      | Reached skill level 5 in Fighting
  2562 | D:2      | Reached XP level 4. HP: 42/50 MP: 7/7
  4578 | D:3      | Reached XP level 5. HP: 45/57 MP: 8/8
  4781 | D:3      | Found a basalt altar of Yredelemnul.
  5023 | D:3      | Found Xetoydwe's Assorted Antiques.
  5114 | D:4      | Noticed Eustachio
  5867 | D:4      | Noticed a centaur
  5877 | D:4      | Killed a centaur
  5878 | D:4      | Reached XP level 6. HP: 32/66 MP: 9/9
  6240 | D:3      | Learned a level 3 spell: Gell's Gravitas
  6244 | D:3      | Learned a level 3 spell: Teleport Other
  7016 | D:3      | Reached skill level 5 in Maces & Flails
  7247 | D:4      | Reached skill level 6 in Fighting
  7745 | D:3      | Reached XP level 7. HP: 27/73 MP: 10/10
  8306 | D:5      | Entered Level 5 of the Dungeon
  8457 | D:5      | Reached skill level 7 in Fighting
  8534 | D:4      | Reached skill level 5 in Translocations
  8537 | D:4      | Reached XP level 8. HP: 40/82 MP: 11/11
  8689 | D:4      | Reached skill level 8 in Fighting
  8823 | D:4      | Found a glowing golden altar of the Shining One.
  9072 | D:5      | Reached skill level 9 in Fighting
  9109 | D:5      | Found a broken altar of Ashenzari.
  9139 | D:5      | Reached skill level 10 in Fighting
  9219 | D:5      | Found a shadowy altar of Dithmenos.
  9220 | D:5      | Noticed Pikel
  9316 | D:5      | Killed Pikel
  9317 | D:5      | Reached skill level 5 in Spellcasting
  9317 | D:5      | Reached XP level 9. HP: 47/102 MP: 11/16
  9446 | D:5      | Reached skill level 11 in Fighting
  9459 | D:5      | Found an iron altar of Okawaru.
  9503 | D:5      | Found Seoc's Antique Weapon Boutique.
  9515 | D:5      | Found a shimmering altar of Xom.
  9635 | D:5      | Found a glowing silver altar of Zin.
 10197 | D:6      | Reached skill level 12 in Fighting
 10283 | D:6      | Found a sand-covered staircase.
 10288 | Ossuary  | Entered an ossuary
 10468 | Ossuary  | Reached skill level 13 in Fighting
 11326 | D:7      | Found a staircase to the Ecumenical Temple.
 11339 | D:7      | Reached XP level 10. HP: 41/119 MP: 17/17
 11431 | Temple   | Entered the Ecumenical Temple
 11515 | Temple   | Became a worshipper of Gozag Ym Sagoz the Greedy
 11591 | D:7      | Found a transporter.
 11595 | D:7      | Noticed a kobold demonologist
 11596 | D:7      | Noticed a kobold demonologist
 11610 | D:7      | Found a transporter.
 11868 | D:7      | Found an ancient bone altar of Kikubaaqudgha.
 12738 | D:3      | Killed Eustachio
 12944 | D:8      | Noticed Maurice
 12950 | D:8      | Noticed Gastronok
 13022 | D:7      | Killed Maurice
 13122 | D:7      | HP: 2/119 [yak (13)]
 13365 | D:7      | Killed Gastronok
 13366 | D:7      | Reached skill level 10 in Maces & Flails
 13415 | D:8      | Found a staircase to the Lair.
 13610 | D:8      | Reached XP level 11. HP: 119/128 MP: 18/18
 13661 | D:8      | Reached skill level 14 in Fighting
 13666 | D:8      | Reached skill level 1 in Armour
 13697 | D:8      | Noticed Grum
 13711 | D:8      | Killed Grum
 14187 | D:8      | Learned a level 5 spell: Manifold Assault
 14188 | Lair:1   | Entered Level 1 of the Lair of Beasts
 14251 | Lair:1   | Noticed an eight-headed hydra
 14259 | Lair:1   | Killed an eight-headed hydra
 14260 | Lair:1   | Reached skill level 15 in Fighting
 14332 | Lair:1   | Identified the ring "Plog" {rC+ Will- Str+8}
 14646 | Lair:1   | Noticed Harold
 14653 | Lair:1   | Killed Harold
 15670 | Lair:1   | Upgraded the game from 0.28-a0-643-g84cb2ea78e to
                  | 0.28-a0-653-g7e9dba17c3
 15823 | Lair:2   | Found a gate leading to a gauntlet.
 15833 | Gauntlet | Entered a Gauntlet
 15833 | Gauntlet | Found a transporter.
 15838 | Gauntlet | Noticed a wretched star
 15842 | Gauntlet | Found a transporter.
 15845 | Gauntlet | Found a transporter.
 15846 | Gauntlet | Found a transporter.
 15847 | Gauntlet | Found a transporter.
 15848 | Gauntlet | Found a transporter.
 15849 | Gauntlet | Noticed a death yak
 15853 | Gauntlet | Noticed a death yak
 15857 | Gauntlet | Noticed a green death
 15857 | Gauntlet | Noticed a death yak
 15858 | Gauntlet | Noticed a death yak
 15859 | Gauntlet | Found a transporter.
 15859 | Gauntlet | Noticed a necromancer
 15861 | Gauntlet | Noticed a death yak
 15878 | Gauntlet | Found a transporter.
 15895 | Gauntlet | Found a transporter.
 15899 | Gauntlet | Found a transporter.
 15904 | Gauntlet | Noticed a cyan ugly thing
 15904 | Gauntlet | Noticed a green ugly thing
 15906 | Gauntlet | Noticed a great orb of eyes
 15910 | Gauntlet | Found a transporter.
 15963 | Gauntlet | Found a transporter.
 15985 | Gauntlet | Found a runed translucent door.
 16156 | Gauntlet | Killed a great orb of eyes
 16162 | Gauntlet | Killed a green ugly thing
 16167 | Gauntlet | Killed a purple ugly thing
 16168 | Gauntlet | Reached skill level 10 in Spellcasting
 16182 | Gauntlet | Identified the +0 pair of boots of Sloth {Regen+ Str+4}
 16218 | Gauntlet | Identified the amulet of Dauroado {Acrobat Dex+2}
 16229 | Gauntlet | Got the Compendium of Mutagenic Ignition
 16246 | Gauntlet | Noticed a minotaur
 16255 | Gauntlet | Killed a minotaur
 16256 | Gauntlet | Reached XP level 12. HP: 93/141 MP: 26/26
 16270 | Gauntlet | Got the Handbook of Ghastly Creation
 16672 | Lair:2   | Noticed a catoblepas
 16694 | Lair:2   | Killed a catoblepas
 16723 | Lair:2   | Reached skill level 5 in Armour
 17079 | Lair:2   | Noticed a four-headed hydra
 17090 | Lair:2   | Killed a four-headed hydra
 17648 | Lair:2   | Noticed a four-headed hydra
 17655 | Lair:2   | Killed a four-headed hydra
 17820 | Lair:2   | Noticed a six-headed hydra
 17832 | Lair:2   | Killed a six-headed hydra
 18388 | Lair:2   | Noticed Nergalle
 18401 | Lair:2   | Killed Nergalle
 18719 | Lair:1   | Learned a level 3 spell: Ozocubu's Armour
 19098 | Lair:2   | Reached skill level 1 in Ice Magic
 20271 | Lair:3   | Reached XP level 13. HP: 149/149 MP: 6/27
 20799 | Lair:3   | Reached skill level 10 in Translocations
 21166 | Lair:3   | Found an iron altar of Okawaru.
 22065 | Lair:4   | Reached skill level 16 in Fighting
 22520 | Lair:4   | Found a hole to the Spider Nest.
 22901 | Lair:4   | Found a staircase to the Shoals.
 25172 | Lair:5   | Noticed Urug
 25194 | Lair:5   | Killed Urug
 25658 | Lair:5   | Reached XP level 14. HP: 147/162 MP: 2/28
 26966 | Lair:1   | Bought the +9 morningstar of Shame {elec, Drain MP+9 Dex+3}
                  | for 816 gold pieces
 26966 | Lair:1   | Bought a scroll of acquirement for 520 gold pieces
 26966 | Lair:1   | Bought a scroll of magic mapping for 35 gold pieces
 26969 | Lair:1   | Acquired 1120 gold pieces
 27427 | D:9      | Found a stormy altar of Qazlal.
 27448 | D:9      | Found a hazy altar of Hepliaklqana.
 27459 | D:9      | Found a runed translucent gate.
 27459 | D:9      | Noticed swinepaste's ghost (novice DsAK)
 27460 | D:9      | Found a runed translucent gate.
 27461 | D:9      | Found a runed translucent gate.
 28346 | D:9      | Identified the +6 spear of Quantum Leap {flame, rC+ SInv}
 28969 | D:9      | Killed swinepaste's ghost
 29062 | D:9      | Identified the +5 scimitar of Cera {distort, rElec Str+2
                  | Int+4 Dex+4}
 29699 | Lair:6   | Entered Level 6 of the Lair of Beasts
 29945 | Lair:6   | Found a staircase to the Slime Pits.
 31903 | Lair:6   | Reached skill level 15 in Maces & Flails
 32500 | Lair:6   | Found a corrupted altar of Lugonu.
 32501 | Lair:6   | Found a one-way gate to the infinite horrors of the Abyss.
 32952 | D:10     | Entered Level 10 of the Dungeon
 32992 | D:10     | Identified the +4 spear "Beetleslayer" {flame, *Rage rF+
                  | rC+ Will+++}
 33091 | D:10     | Found Resuoc's Jewellery Shoppe.
 33194 | D:10     | Noticed Fannar
 33204 | D:10     | Killed Fannar
 33444 | D:10     | Reached XP level 15. HP: 157/170 MP: 19/29
 33514 | D:10     | Found a portal to a secret trove of treasure.
 33709 | D:10     | Found a bloodstained altar of Trog.
 33713 | D:10     | Found Kajieje's Distillery.
 33718 | D:10     | Bought a potion of heal wounds for 65 gold pieces
 33718 | D:10     | Bought a potion of haste for 130 gold pieces
 33718 | D:10     | Bought a potion of curing for 39 gold pieces
 33718 | D:10     | Bought a potion of experience for 650 gold pieces
 33718 | D:10     | Reached XP level 16. HP: 180/180 MP: 30/30
 33738 | D:10     | Found Dyaduid's Book Shoppe.
 33853 | D:10     | Found Meliyre's Armour Shop.
 34081 | Spider:1 | Entered Level 1 of the Spider Nest
 34681 | Spider:1 | Reached skill level 17 in Fighting
 35239 | Spider:1 | Reached skill level 5 in Dodging
 35824 | Shoals:1 | Entered Level 1 of the Shoals
 36226 | Shoals:1 | Reached skill level 18 in Fighting
 36535 | Shoals:1 | HP: 7/185 [something/ball of steam (37)]
 36549 | Shoals:1 | HP: 6/187 [merfolk aquamancer/torrent of water (31)]
 36551 | Shoals:1 | Killed from afar by a merfolk aquamancer

Illustrated notes

Levels and vault maps discovered:
D:1:      dpeg_arrival_another_circle, layout_basic, serial_co_window_serial,
          co_window_paths_b, co_window_of_opportunity_a,
          co_window_of_opportunity_a, co_window_paths_b, co_window_paths_a,
          co_window_of_opportunity_c, co_window_2corner, co_window_2corner,
          co_window_unsneaky_path_a, co_window_paths_c, co_window_corner_b,
          co_window_4corner_b, shapermc_ecumenical_altar_mp_vishouse,
          chequers_arboretum
D:2:      layout_basic
D:3:      layout_basic, yredelemnul_altar_generic, serial_shops, shop
D:4:      layout_rooms, nicolae_tso_carved_into_rock, minmay_cut_off,
          uniq_eustachio
D:5:      layout_rooms, mainiacjoe_overflow_catwalk,
          mainiacjoe_overflow_surrounded_room, old_standard_altar, led_xom_imps,
          old_standard_altar, serial_shops, nicolae_shop_crystal,
          patterned_corridor, uniq_pikel
D:6:      layout_loops_ring, enter_ossuary_2
D:7:      gammafunk_wand_slinger, layout_loops_corners,
          mainiacjoe_overflow_tiny_flanked, temple_statues, serial_rivers,
          chequers_serial_rivers_micro_e, chequers_serial_rivers_marsh,
          chequers_serial_rivers_micro_d, chequers_serial_rivers_small_3
D:8:      layout_basic, david_lair_generic, serial_undead, serial_undead_f,
          serial_undead_f, serial_undead_c, serial_undead_d, serial_undead_b,
          serial_undead_f, serial_undead_d, serial_undead_c, serial_undead_f,
          serial_undead_f, uniq_gastronok, uniq_grum, uniq_maurice
D:9:      layout_layer_cave, mainiacjoe_overflow_24_doors,
          mainiacjoe_overflow_paths, gammafunk_ghost_hydra_chop
D:10:     layout_rooms, mainiacjoe_overflow_brackets,
          nicolae_trove_entry_path_of_doom, serial_shops, shop, shop,
          nicolae_shop_waterfront, nicolae_shop_temple_entry_statues_fountains,
          minivault_25_ag, uniq_fannar
Temple:   pf_slime_end_temple
Lair:1:   layout_cave_pods, grunt_megastairs_2, serial_bayou_shore_b,
          uniq_harold
Lair:2:   layout_gridlike, gauntlet_entry_generic,
          chequers_serial_rivers_micro_a, lemuel_fruit_tree, uniq_nergalle
Lair:3:   layout_roguey [special_room_bee], lemuel_centaur_altar,
          infiniplex_staircase_pool
Lair:4:   layout_regular_city, minmay_shoals_entry_beasts,
          nicolae_spider_entry_non_spiders, gammafunk_lair_bear_cave
Lair:5:   layout_cave_pods, uniq_urug
Lair:6:   hellmonk_lair_end_abyssal_woods, layout_loops_ring,
          minmay_slime_entry_pillars
Shoals:1: layout_shoals, abandoned_shop, st_sunken_huts
Spider:1: layout_spider_delve

Skill      XL: |  1  2  3  4  5  6  7  8  9 10 11 12 13 14 15 16 |
---------------+-------------------------------------------------+-----
Fighting       | 3 4 5 6 7 10 13 15 16 18 | 18.3
Maces & Flails | 2 3 4 5 6 10 12 15 16 | 16.0
Translocations | 5 9 10 | 10.0
Throwing       | 2 |  2.0
Spellcasting   | 5 10 | 10.0
Armour         | 3 5 |  5.0
Ice Magic      | 1 3 4 |  4.0
Dodging        | 4 5 |  5.0

Action                   |  1- 3 |  4- 6 |  7- 9 | 10-12 | 13-15 | 16-18 || total
-------------------------+-------+-------+-------+-------+-------+-------++-------
Melee: Mace              |   138 |   274 |    28 |       |       |       ||   440
       Giant club        |       |       |    11 |       |       |       ||    11
       Morningstar       |       |       |   230 |   510 |   865 |   175 ||  1780
 Fire: Hunting sling     |       |    13 |     3 |     9 |       |       ||    25
Throw: Stone             |       |    62 |       |     1 |       |       ||    63
       Boomerang         |       |     3 |       |     2 |       |       ||     5
       Dart              |       |       |     2 |     2 |       |       ||     4
       Javelin           |       |       |       |       |     8 |       ||     8
 Cast: Blink             |     1 |    14 |     3 |     6 |     7 |     2 ||    33
       Gell's Gravitas   |       |     6 |     1 |       |     1 |       ||     8
       Teleport Other    |       |       |     3 |       |     1 |       ||     4
       Manifold Assault  |       |       |       |    69 |   271 |    73 ||   413
       Ozocubu's Armour  |       |       |       |       |    61 |    20 ||    81
Invok: Call Merchant     |       |       |       |       |     1 |       ||     1
Evoke: Wand              |       |       |       |       |     9 |     1 ||    10
       Condenser vane    |       |       |       |       |       |     1 ||     1
  Use: Potion            |       |     2 |       |     5 |     2 |    12 ||    21
       Scroll            |       |       |    11 |     6 |     6 |     4 ||    27
 Stab: Distracted        |       |       |       |     1 |     1 |     1 ||     3
       Invisible         |       |       |       |     2 |       |       ||     2
Armor: Robe              |    54 |    87 |    59 |   133 |   205 |    63 ||   601
Dodge: Dodged            |    70 |   139 |   139 |   233 |   176 |    70 ||   827

Table legend: (Time is in decaauts)
 A = Elapsed time spent in this place.
 B = Non-inter-level travel time spent in this place.
 C = Inter-level travel time spent in this place.
 D = Time resting spent in this place.
 E = Time spent auto-exploring this place.
 F = Levels seen in this place.
 G = Mean time per level.
                   A        B        C        D        E       F      G
               +--------+--------+--------+--------+--------+-----+--------+
         Total |  36754 |  33747 |   3007 |  15490 |  10053 |  21 | 1750.2 |
       Dungeon |  17717 |  16170 |   1547 |   6384 |   5822 |  10 | 1771.7 |
        Temple |    106 |     88 |     18 |      0 |      0 |   1 |  106.0 |
          Lair |  16601 |  15223 |   1378 |   8385 |   3876 |   6 | 2766.8 |
        Shoals |    390 |    390 |      0 |    188 |     44 |   1 |  390.0 |
   Spider Nest |   1092 |   1029 |     63 |    488 |    310 |   1 | 1092.0 |
       Ossuary |    333 |    333 |      0 |     37 |      0 |   1 |  333.0 |
      Gauntlet |    512 |    512 |      0 |      7 |      0 |   1 |  512.0 |
               +--------+--------+--------+--------+--------+-----+--------+

Top non-repeatable levels by time:
  Lair:4: 3318 daAuts
  Lair:2: 3239 daAuts
     D:3: 2941 daAuts
  Lair:5: 2752 daAuts
  Lair:6: 2660 daAuts
  Lair:3: 2612 daAuts
     D:2: 2400 daAuts
     D:1: 2370 daAuts
     D:9: 2298 daAuts
     D:7: 2156 daAuts
  Lair:1: 2017 daAuts
     D:4: 1565 daAuts
     D:5: 1272 daAuts
Spider:1: 1092 daAuts
     D:8: 1090 daAuts
